Map: Templo óseo EE

Players

TATORREA

  • Race: Protoss Protoss
  • League: Silver
  • Spawn Location: 7:00

MrFercho

  • Race: Zerg Zerg
  • League: Silver
  • Spawn Location: 7:00

tigro

  • Race: Terran Terran
  • League: Bronze
  • Spawn Location: 6:00

Hawkeye

  • Race: Protoss Protoss
  • League: Platinum
  • Spawn Location: 1:00

Digilord

  • Race: Zerg Zerg
  • Spawn Location: 12:00

BigDumpsLOL

  • Race: Terran Terran
  • Spawn Location: 3:00

VOD

Have the link to the VOD?

Description

Time

  • Played on: June 26, 2020, 8:39 p.m.
  • Length: 17:05
Show
View Real Time Build Order
Export as new Build Order

TATORREA Protoss 

Build Orders: Carriers 

Get SALT Encoding   

  12  0:08  Probe  
  13  0:20  Probe  
  14  0:33  Probe  
  15  0:38  Pylon  
  15  0:56  Probe  
  16  1:00  Gateway  
  16  1:05  Gateway  
  16  1:08  Probe  
  17  1:20  Probe  
  18  1:26  Assimilator  
  18  1:28  Probe  
  19  1:36  Probe  
  19  1:39  Pylon  
  20  1:48  Probe  
  20  1:56  Zealot  
  20  1:57  Zealot  
  24  2:03  Cybernetics Core  
  24  2:06  Probe  
  25  2:32  Assimilator  
  25  2:37  Pylon  
  25  2:44  Probe, Nexus  
  25  2:49  Pylon  
  26  2:57  Probe  
  26  3:10  Probe  
  27  3:20  Stalker  
  27  3:21  Stalker  
  27  3:22  Probe  
  27  3:25  Warp Gate  
  32  3:34  Probe  
  33  3:46  Probe  
  34  3:58  Probe  
  35  4:10  Probe  
  35  4:15  Stalker x2  
  40  4:21  Probe  
  40  4:22  Probe  
  42  4:33  Robotics Facility, Probe  
  42  4:34  Probe  
  42  4:37  Stargate  
  44  4:42  Probe  
  44  4:43  Assimilator, Probe  
  45  4:47  Assimilator  
  45  4:50  Probe  
  45  4:51  Probe  
  46  4:59  Probe  
  48  5:01  Probe  
  50  5:11  Probe  
  50  5:13  Probe  
  52  5:23  Probe  
  53  5:36  Probe x2  
  55  5:48  Probe x2  
  57  5:54  Nexus  
  57  5:56  Pylon  
  57  5:57  Void Ray  
  57  5:59  Pylon  
  57  6:00  Probe  
  62  6:14  Immortal, Probe  
  62  6:17  Pylon  
  67  6:22  Pylon  
  67  6:26  Probe x2  
  67  6:27  Fleet Beacon  
  67  6:29  Pylon  
  69  6:38  Probe x2  
  71  6:40  Void Ray  
  71  6:41  Assimilator  
  71  6:44  Stalker x2  
  71  6:45  Assimilator  
  79  6:50  Probe  
  79  6:51  Probe  
  82  6:54  Observer  
  82  7:02  Probe  
  82  7:03  Probe  
  84  7:14  Probe  
  84  7:15  Probe  
  86  7:46  Probe x3  
  89  7:58  Probe x2  
  89  7:59  Probe  
  89  8:01  Stalker x2  
  96  8:10  Probe  
  96  8:11  Probe  
  98  8:18  Probe  
  99  8:22  Probe  
  99  8:23  Probe  
  101  8:30  Probe, Stargate  
  101  8:31  Cybernetics Core  
  101  8:33  Stargate  
  103  8:48  Observer  
  103  8:52  Carrier  
  109  9:01  Pylon  
  109  9:02  Pylon  
  109  9:08  Probe x3  
  116  9:10  Immortal  
  116  9:20  Probe x2  
  116  9:21  Probe  
  119  9:35  Pylon  
  119  9:36  Stalker x2  
  119  9:37  Probe x3  
  126  9:38  Pylon  
  126  9:42  Carrier  
  132  9:49  Probe  
  133  9:53  Tempest, Probe x2  
  133  9:56  Tempest  
  143  10:09  Probe x2  
  143  10:10  Probe  
  138  10:21  Probe x2  
  138  10:28  Probe  
  139  10:33  Probe  
  139  10:34  Probe  
  141  10:36  Assimilator, Carrier  
  141  10:39  Assimilator  
  141  10:40  Probe  
  148  11:10  Pylon  
  148  11:14  Pylon  
  147  11:19  Immortal  
  147  11:21  Pylon  
  147  11:23  Pylon  
  147  11:24  Pylon  
  147  11:27  Tempest, Pylon  
  147  11:28  Carrier  
  147  11:31  Pylon  
  152  11:36  Pylon  
  152  11:39  Pylon  
  147  11:40  Pylon  
  147  11:41  Pylon  
  147  11:43  Pylon  
  147  11:45  Pylon  
  147  11:49  Pylon  
  147  11:58  Probe x3  
  150  12:05  Nexus  
  150  12:10  Probe x2  
  150  12:12  Nexus  
  152  12:21  Nexus  
  152  12:25  Gateway  
  152  12:27  Tempest  
  152  12:28  Gateway, Carrier  
  152  12:29  Gateway  
  163  12:32  Gateway, Carrier  
  163  12:35  Gateway  
  169  12:39  Gateway  
  169  12:40  Probe x3  
  169  12:42  Gateway  
  172  12:45  Gateway  
  172  12:47  Gateway  
  172  12:51  Gateway  
  172  12:52  Probe x3  
  172  12:53  Gateway  
  172  12:56  Gateway  
  175  13:10  Tempest  
  180  13:14  Probe x3  
  181  13:26  Probe x2  
  163  13:32  Carrier  
  125  13:36  Tempest  
  125  13:40  Stalker x2  
  125  13:41  Stalker x2  
  126  13:42  Stalker x4  
  126  13:43  Stalker  
  144  14:00  Stalker  
  144  14:01  Stalker x4  
  101  14:12  Stalker x4  
  101  14:13  Stalker x3  
  97  14:23  Stalker x2  
  97  14:24  Stalker x5  
  85  14:37  Stalker x3  
  85  14:38  Stalker x2  
  33  15:34  Assimilator  
  33  15:36  Assimilator  
  33  15:38  Zealot x3  
  33  15:39  Zealot x4  
  33  15:40  Zealot x2  
  33  15:41  Zealot x2  
  33  15:42  Zealot  
  57  15:50  Cybernetics Core  
  57  15:52  Forge  
  57  15:54  Forge  
  57  15:57  Forge  
  57  15:59  Probe  
  57  16:00  Probe  
  59  16:11  Probe  
  59  16:12  Probe  
  61  16:18  Zealot x2  
  61  16:19  Zealot x4  
  61  16:20  Zealot x4  
  61  16:21  Zealot x2  
  61  16:23  Probe  
  61  16:24  Probe  
  87  16:36  Probe x2  
  89  16:49  Twilight Council  
  89  16:50  Probe x2  
  91  16:59  Stalker x2  
  91  17:00  Stalker  
  91  17:01  Stalker x5  
  101  17:02  Stalker x2  
Show
View Real Time Build Order
Export as new Build Order

MrFercho Zerg 

Build Orders: Hatch First, Lurkers 

Get SALT Encoding   

  12  0:02  Drone  
  13  0:12  Overlord  
  13  0:20  Drone  
  14  0:30  Drone x2  
  16  0:36  Drone  
  17  0:45  Drone  
  18  1:02  Hatchery  
  17  1:14  Spawning Pool  
  17  1:15  Drone  
  17  1:18  Drone  
  18  1:21  Drone  
  19  1:40  Drone x2  
  21  1:55  Extractor  
  21  1:56  Drone  
  21  2:21  Drone x2  
  23  2:37  Queen  
  23  2:39  Queen  
  23  2:43  Drone  
  28  2:46  Overlord x2  
  28  2:50  Hatchery  
  27  2:53  Spine Crawler  
  26  3:08  Drone x3  
  26  3:09  Extractor  
  28  3:15  Lair  
  28  3:22  Drone x3  
  31  3:38  Spine Crawler  
  30  3:41  Spore Crawler  
  30  3:43  Drone  
  30  4:07  Drone x6  
  36  4:27  Roach Warren  
  36  4:28  Drone x7  
  42  4:39  Extractor  
  42  4:40  Extractor  
  40  4:57  Spine Crawler  
  39  5:03  Spine Crawler  
  39  5:06  Spine Crawler  
  37  5:07  Glial Reconstitution  
  37  5:17  Drone x9  
  46  5:26  Metabolic Boost  
  46  5:41  Roach x2  
  50  5:46  Overlord x4  
  50  5:47  Overlord x3  
  50  6:04  Queen  
  50  6:07  Drone x3  
  55  6:13  Drone x3  
  58  6:21  Hydralisk Den  
  57  6:26  Tunneling Claws, Spire  
  57  6:32  Infestation Pit  
  55  6:35  Drone x5  
  55  6:36  Drone  
  61  7:01  Overseer  
  61  7:43  Drone x7  
  61  7:44  Extractor, Drone x5  
  72  7:47  Extractor  
  72  7:50  Hive  
  71  7:56  Spire  
  71  7:57  Muscular Augments  
  70  8:01  Lurker Den  
  69  8:06  Overseer  
  69  8:22  Hatchery  
  68  8:29  Hatchery  
  68  8:31  Hatchery  
  68  8:33  Hatchery  
  65  8:46  Hydralisk  
  65  8:47  Hydralisk x5  
  77  9:07  Lurker Den  
  77  9:08  Grooved Spines  
  76  9:34  Mutalisk  
  76  9:35  Mutalisk x6  
  90  9:38  Mutalisk  
  90  9:39  Mutalisk x4  
  95  10:09  Drone x12  
  95  10:10  Drone x2  
  109  10:23  Overseer  
  109  10:28  Seismic Spines  
  109  10:31  Mutalisk  
  109  10:32  Mutalisk x6  
  123  10:36  Overlord x3  
  123  10:44  Extractor  
  123  10:45  Extractor  
  121  10:53  Hatchery, Lurker x4  
  124  11:00  Zergling x2  
  124  11:01  Zergling x26  
  138  11:25  Overseer x6, Adaptive Talons  
  138  11:34  Pneumatized Carapace  
  138  11:37  Burrow  
  137  12:01  Mutalisk  
  137  12:02  Mutalisk x4  
  137  12:05  Overlord x3  
  147  12:08  Overlord  
  147  12:09  Overlord x6  
  147  12:10  Overlord x3  
  147  12:13  Greater Spire  
  147  12:15  Zerg Flyer Weapons Level 1  
  147  12:22  Drone x5  
  151  12:59  Mutalisk x10  
  151  13:00  Mutalisk  
  149  13:45  Hydralisk x6  
  149  13:46  Hydralisk x9  
  159  14:17  Spine Crawler  
  150  14:19  Spore Crawler  
  150  14:21  Spore Crawler  
  150  14:23  Spine Crawler, Hydralisk x14  
  150  14:24  Hydralisk  
  135  14:26  Spine Crawler  
  135  14:27  Spore Crawler  
  135  14:30  Spore Crawler  
  144  14:40  Spine Crawler  
  98  15:26  Lair  
  90  15:37  Mutalisk x3  
  90  15:38  Spawning Pool, Mutalisk x13  
  97  15:58  Hydralisk x7  
Show
View Real Time Build Order
Export as new Build Order

tigro Terran 

Build Orders:  

Get SALT Encoding   

  12  0:02  SCV  
  13  0:14  SCV  
  14  0:22  Supply Depot  
  14  0:26  SCV  
  15  0:44  SCV  
  16  0:51  Barracks  
  16  0:57  Refinery  
  16  1:00  SCV  
  17  1:12  SCV  
  17  1:16  Supply Depot  
  18  1:24  SCV  
  19  1:26  Refinery  
  19  1:36  SCV  
  19  1:38  Marine  
  21  1:53  Barracks  
  21  1:56  Marine  
  22  2:14  Marine  
  23  2:32  Marine  
  24  2:47  Barracks Reactor  
  24  2:49  Marine  
  25  3:22  Barracks Tech Lab  
  25  3:33  Factory  
  25  3:46  SCV  
  26  3:50  Combat Shield  
  26  3:58  SCV  
  26  4:02  Marine x3  
  30  4:10  SCV  
  31  4:41  Orbital Command  
  31  4:43  Starport  
  31  4:53  Factory Tech Lab  
  31  4:58  Command Center  
  31  5:09  Stimpack  
  31  5:16  Marine x3  
  31  5:20  Starport  
  34  5:34  Marine x2  
  36  5:39  Siege Tank  
  39  6:04  Engineering Bay  
  39  6:10  Medivac, Marine  
  39  6:11  Siege Tank  
  45  6:13  Refinery  
  45  6:15  SCV  
  46  6:27  Marine, SCV  
  48  6:34  Starport Tech Lab  
  48  6:36  Terran Infantry Weapons Level 1  
  48  6:39  SCV  
  49  6:40  Medivac  
  51  6:49  Concussive Shells  
  51  6:51  SCV  
  52  6:58  Refinery  
  52  7:03  SCV  
  52  7:56  Missile Turret  
  52  8:03  SCV  
  53  8:10  Starport Tech Lab  
  53  8:16  Missile Turret, SCV  
  54  8:23  Fusion Core  
  54  8:30  Terran Infantry Armor Level 1  
  54  8:36  Missile Turret  
  54  8:56  Missile Turret  
  54  9:03  SCV  
  55  9:12  Armory  
  55  9:15  SCV  
  56  9:17  Missile Turret  
  56  9:27  SCV  
  56  9:30  Marine x3  
  60  9:40  Missile Turret  
  60  9:46  Weapon Refit  
  60  9:48  Marine x2  
  62  10:12  Supply Depot  
  62  10:24  Hi-Sec Auto Tracking  
  62  10:33  Marine x3  
  62  10:34  Supply Depot, SCV  
  66  10:46  SCV  
  67  10:51  Marine x3, Battlecruiser  
  67  10:56  Battlecruiser  
  82  10:57  Supply Depot  
  82  10:58  SCV  
  83  11:09  Marine  
  83  11:10  SCV  
  85  11:21  Neosteel Armor  
  85  11:26  Rapid Reignition System  
  85  11:27  Marine  
  86  12:13  Command Center  
  86  12:19  Marine x3  
  89  12:23  Advanced Ballistics  
  89  12:25  Thor  
  95  12:36  Refinery  
  95  12:37  Marine x3  
  95  12:41  Battlecruiser  
  104  12:54  Marine  
  104  12:55  Marine x2  
  106  13:01  Terran Infantry Weapons Level 2  
  105  13:12  Marine x2  
  105  13:13  Marine  
  108  13:30  Marine  
  109  13:46  Thor  
  52  14:18  Marine x3  
  52  14:20  Medivac x2  
  59  14:28  Thor  
  59  14:30  Refinery  
  65  14:32  SCV  
  65  14:35  Marine  
  65  14:36  Marine x2  
  63  14:44  SCV  
  61  14:50  Battlecruiser  
  61  14:51  Battlecruiser  
  64  14:53  Marine x3  
  64  14:56  SCV  
  48  15:08  SCV  
  48  15:11  Marine x3  
  44  15:20  SCV  
  39  15:29  Marine x3  
  39  15:47  Marine x2  
  39  15:48  SCV  
  33  16:00  SCV  
  20  16:25  SCV  
  9  16:34  Supply Depot  
  9  16:38  SCV  
Show
View Real Time Build Order
Export as new Build Order

Hawkeye Protoss 

Build Orders: Double Forge, Nexus First 

Get SALT Encoding   

  12  0:00  Probe  
  13  0:08  Probe  
  14  0:19  Pylon  
  14  0:22  Probe  
  15  0:37  Probe  
  16  0:59  Nexus  
  16  1:00  Probe  
  17  1:08  Assimilator, Probe  
  18  1:21  Pylon  
  18  1:25  Probe  
  19  1:36  Pylon  
  19  1:37  Probe  
  20  2:04  Forge  
  20  2:06  Gateway  
  20  2:11  Assimilator  
  20  2:17  Probe  
  21  2:25  Probe  
  22  2:33  Gateway  
  22  2:50  Photon Cannon  
  22  2:57  Probe  
  23  2:58  Cybernetics Core  
  23  3:01  Probe  
  24  3:09  Probe x2  
  25  3:14  Photon Cannon  
  25  3:17  Probe  
  26  3:21  Probe  
  26  3:22  Protoss Ground Weapons Level 1  
  26  3:24  Assimilator  
  26  3:25  Probe  
  29  3:34  Warp Gate  
  29  3:37  Probe  
  30  3:42  Pylon  
  30  3:43  Pylon  
  30  3:45  Probe  
  31  3:49  Probe  
  32  3:57  Probe  
  32  4:01  Probe  
  34  4:06  Pylon  
  34  4:11  Gateway  
  34  4:12  Forge  
  34  4:19  Probe  
  34  4:20  Twilight Council  
  34  4:21  Probe  
  34  4:23  Pylon  
  36  4:30  Probe  
  36  4:38  Probe  
  37  4:39  Pylon  
  37  4:41  Assimilator, Probe  
  39  4:49  Nexus  
  39  4:53  Pylon  
  39  5:01  Photon Cannon  
  39  5:03  Shield Battery  
  39  5:06  Pylon  
  39  5:10  Pylon  
  39  5:13  Photon Cannon  
  39  5:17  Pylon  
  39  5:20  Probe  
  39  5:27  Probe  
  40  5:29  Probe  
  40  5:31  Dark Shrine  
  40  5:34  Photon Cannon  
  40  5:35  Probe  
  42  5:37  Protoss Ground Armor Level 1  
  42  5:38  Photon Cannon  
  42  5:40  Charge, Probe  
  44  5:48  Gateway  
  44  5:52  Probe  
  45  6:06  Zealot x2  
  45  6:07  Stalker  
  45  6:10  Photon Cannon  
  51  6:14  Photon Cannon  
  51  6:17  Shield Battery  
  51  6:19  Pylon  
  51  6:22  Photon Cannon  
  51  6:26  Pylon  
  51  6:28  Zealot  
  53  6:35  Pylon  
  53  6:42  Pylon, Probe  
  54  6:50  Probe  
  53  7:00  Probe  
  53  7:01  Photon Cannon  
  54  7:03  Photon Cannon  
  54  7:04  Shield Battery  
  54  7:05  Stalker  
  54  7:07  Shield Battery  
  57  7:08  Pylon  
  57  7:09  Probe  
  57  7:10  Pylon, Protoss Shields Level 1  
  57  7:14  Gateway  
  58  7:17  Gateway  
  58  7:18  Probe  
  59  7:26  Probe  
  59  7:31  Gateway  
  59  7:35  Gateway  
  59  7:36  Gateway  
  60  7:38  Probe  
  60  7:40  Gateway  
  60  7:42  Gateway  
  61  7:44  Protoss Ground Weapons Level 2  
  61  7:45  Pylon  
  61  7:56  Stalker  
  63  8:00  Shield Battery  
  63  8:02  Shield Battery  
  63  8:06  Shield Battery  
  63  8:10  Pylon  
  63  8:15  Probe  
  63  8:17  Nexus  
  64  8:22  Probe  
  64  8:23  Probe  
  65  8:33  Photon Cannon, Probe  
  66  8:37  Stalker  
  66  8:39  Photon Cannon  
  66  8:40  Dark Templar  
  71  8:43  Dark Templar  
  71  8:47  Dark Templar  
  75  8:51  Dark Templar  
  75  8:53  Dark Templar  
  79  8:57  Dark Templar  
  79  8:58  Zealot  
  83  9:10  Stalker x3  
  83  9:13  Zealot  
  83  9:15  Zealot  
  75  10:10  Stargate  
  75  10:11  Stargate  
  75  10:14  Stargate  
  75  10:16  Protoss Ground Weapons Level 3  
  71  10:23  Photon Cannon  
  71  10:24  Photon Cannon  
  71  10:25  Shield Battery  
  71  10:27  Pylon  
  65  10:28  Pylon  
  65  10:32  Stalker x3  
  65  10:33  Stalker x3  
  65  10:34  Stalker x3, Probe  
  65  10:35  Stalker  
  85  10:39  Photon Cannon  
  85  10:42  Probe  
  86  10:46  Stalker  
  86  10:47  Probe  
  89  10:51  Probe  
  89  10:55  Probe  
  91  11:01  Dark Templar x2  
  91  11:02  Dark Templar  
  91  11:03  Probe  
  99  11:04  Probe  
  100  11:17  Probe  
  101  11:29  Probe  
  96  11:47  Zealot x4  
  96  11:48  Zealot x6  
  96  11:49  Zealot  
  96  11:52  Void Ray x2  
  126  11:55  Void Ray  
  130  12:03  Protoss Air Weapons Level 1  
  130  12:05  Fleet Beacon  
  130  12:07  Probe  
  130  12:10  Probe  
  130  12:11  Probe  
  130  12:12  Assimilator  
  133  12:17  Assimilator  
  133  12:18  Pylon  
  133  12:19  Probe  
  133  12:21  Assimilator  
  133  12:27  Assimilator  
  133  12:28  Dark Templar, Probe  
  133  12:29  Dark Templar  
  138  12:35  Dark Templar x2  
  138  12:36  Dark Templar  
  145  12:40  Probe  
  146  12:54  Zealot  
  146  12:55  Zealot x5  
  154  13:09  Zealot x5  
  160  13:17  Carrier x2  
  170  13:29  Stalker x2  
  170  13:30  Stalker x3  
  102  13:52  Protoss Air Armor Level 1  
  92  13:57  Carrier  
  92  14:02  Pylon  
  88  14:12  Zealot  
  88  14:13  Zealot x5  
  88  14:14  Zealot x4  
  108  14:20  Robotics Facility  
  108  14:41  Stalker x5  
  108  14:42  Stalker x3  
  123  14:54  Stalker  
  123  14:55  Stalker  
  127  15:08  Stalker, Zealot x3  
  127  15:09  Zealot  
  137  15:21  Tempest  
  126  15:48  Zealot x2  
  126  15:49  Dark Templar x2  
  132  15:50  Zealot x4  
  132  15:51  Zealot x2  
  144  15:59  Dark Templar  
  84  16:50  Stalker x3  
  84  16:51  Stalker x4  
  84  16:52  Stalker x2  
  84  16:53  Zealot x2  
Show
View Real Time Build Order
Export as new Build Order

Digilord Zerg 

Build Orders: Pool First 

Get SALT Encoding   

  12  0:09  Overlord  
  12  0:13  Drone  
  13  0:18  Drone  
  14  0:27  Drone  
  15  0:37  Extractor  
  14  0:43  Spawning Pool  
  14  0:46  Drone  
  15  0:50  Drone  
  15  0:54  Drone  
  16  1:04  Drone  
  17  1:14  Drone  
  18  1:24  Overlord  
  18  1:32  Queen  
  20  1:36  Overlord  
  20  1:46  Zergling x2  
  21  1:53  Metabolic Boost  
  21  1:57  Drone  
  21  2:00  Evolution Chamber  
  21  2:26  Zergling x4  
  23  2:30  Lair  
  23  2:45  Zergling x4  
  23  2:48  Hatchery  
  24  3:05  Zergling x6  
  26  3:06  Zergling x2  
  26  3:09  Overlord  
  28  3:17  Zerg Ground Armor Level 1  
  28  3:22  Evolution Chamber  
  28  3:23  Extractor  
  26  3:37  Drone x2  
  26  3:38  Drone  
  28  4:09  Drone  
  29  4:13  Drone x3  
  29  4:16  Queen  
  34  4:17  Queen  
  36  4:27  Zerg Melee Weapons Level 1  
  36  4:30  Overseer  
  36  4:38  Drone x2  
  38  4:40  Drone x2  
  38  4:41  Drone  
  41  4:48  Overlord  
  41  4:59  Drone x2  
  44  5:00  Drone  
  44  5:02  Drone x2  
  46  5:19  Nydus Network, Drone  
  46  5:21  Queen  
  46  5:23  Overlord  
  46  5:26  Zergling x2  
  46  5:28  Zergling x2  
  50  5:29  Zergling x2  
  52  5:50  Zergling x12  
  52  5:53  Zerg Ground Armor Level 2  
  57  5:59  Zergling x2  
  57  6:00  Zergling x6  
  61  6:17  Zergling x6  
  61  6:18  Zergling x4  
  66  6:19  Zergling x2  
  66  6:20  Overlord  
  66  6:21  Overlord  
  66  6:24  Zerg Melee Weapons Level 2  
  67  6:44  Nydus Canal  
  67  6:53  Zergling x4  
  67  6:54  Zergling x4  
  63  7:33  Zergling x12  
  63  7:34  Zergling x6  
  71  7:55  Hatchery  
  70  8:11  Zergling x8  
  70  8:12  Zergling x4  
  76  8:14  Zerg Missile Weapons Level 1  
  76  8:23  Spire  
  76  8:25  Drone  
  76  8:30  Drone  
  77  8:51  Nydus Canal  
  72  9:31  Zergling x10  
  75  9:32  Zergling x12  
  75  9:33  Zergling x2  
  75  9:37  Extractor  
  83  9:45  Overlord  
  83  9:47  Overlord  
  83  9:48  Overlord, Mutalisk  
  83  9:49  Mutalisk x2  
  89  9:55  Overlord x3  
  89  10:03  Queen  
  91  10:14  Spore Crawler  
  91  10:16  Spore Crawler  
  89  10:22  Drone x2  
  89  10:23  Spore Crawler, Mutalisk x4  
  89  10:24  Spore Crawler  
  97  10:29  Drone x2  
  97  10:30  Drone  
  100  10:39  Queen  
  102  10:52  Overseer x2  
  102  10:54  Overseer  
  102  10:55  Overseer  
  102  10:56  Overseer  
  102  10:57  Overseer x2  
  102  10:58  Overseer x2  
  102  11:07  Spine Crawler  
  102  11:08  Mutalisk x3  
  102  11:09  Mutalisk  
  109  11:14  Extractor  
  108  11:41  Pneumatized Carapace  
  108  11:57  Mutalisk  
  108  11:58  Mutalisk  
  108  11:59  Zergling x10  
  108  12:00  Zergling x12  
  123  12:47  Overlord  
  123  12:48  Overlord x2  
  123  13:10  Hatchery  
  122  13:20  Hatchery  
  122  13:25  Hatchery  
  120  13:34  Nydus Canal  
  87  15:23  Zergling x6  
  87  15:24  Zergling x2  
  87  15:25  Zergling x12  
  87  15:26  Zergling x12  
  87  15:27  Zergling x12  
  102  16:21  Drone x3  
  105  16:26  Drone x3  
  105  16:29  Drone x3  
Show
View Real Time Build Order
Export as new Build Order

BigDumpsLOL Terran 

Build Orders: Gas First Reaper Expand 

Get SALT Encoding   

  12  0:16  Supply Depot  
  12  0:19  Refinery  
  12  0:22  SCV  
  13  0:35  SCV  
  14  0:45  Barracks  
  14  0:47  SCV  
  15  1:02  SCV  
  16  1:12  Refinery  
  16  1:23  SCV  
  17  1:32  Reaper  
  18  1:36  Supply Depot  
  18  1:59  Supply Depot  
  18  2:09  Command Center  
  18  2:22  Barracks Tech Lab  
  18  2:38  Factory  
  18  2:52  Orbital Command  
  18  3:01  Marine  
  18  3:35  Siege Tank  
  21  3:41  Orbital Command  
  21  3:43  Factory, SCV  
  22  3:55  SCV  
  22  4:07  SCV  
  23  4:11  SCV  
  23  4:13  Barracks Reactor  
  24  4:20  Siege Tank  
  27  4:26  Armory  
  27  4:27  SCV  
  28  4:34  SCV  
  29  4:39  SCV  
  29  4:44  Factory Tech Lab  
  30  4:46  Barracks, SCV  
  31  5:03  Marine  
  31  5:04  Marine  
  31  5:06  SCV  
  34  5:08  SCV  
  35  5:17  Terran Vehicle Weapons Level 1  
  35  5:18  SCV  
  35  5:20  SCV  
  37  5:21  Marine  
  37  5:24  Thor  
  44  5:30  SCV, Refinery  
  44  5:31  Refinery  
  44  5:32  SCV  
  46  5:40  Engineering Bay  
  46  5:42  SCV  
  46  5:44  SCV  
  48  5:59  Command Center  
  48  6:02  SCV  
  49  6:13  SCV  
  49  6:14  SCV  
  49  6:16  Supply Depot  
  49  6:18  Terran Infantry Armor Level 1  
  51  6:25  SCV  
  52  6:26  SCV  
  52  6:27  Barracks Tech Lab  
  53  6:34  Marine  
  53  6:37  Marine  
  53  6:38  SCV  
  56  6:44  Supply Depot  
  56  6:46  Thor  
  62  6:48  Thor  
  62  6:50  SCV  
  62  6:52  Marine  
  70  7:06  Marine x2  
  72  7:09  Supply Depot, Marine  
  72  7:14  SCV  
  74  7:24  Marine x2  
  74  7:26  SCV  
  74  7:27  Marine  
  78  7:38  SCV  
  78  7:41  Marine  
  80  7:44  SCV  
  80  7:47  Supply Depot  
  80  7:50  Orbital Command, SCV  
  82  7:52  Thor  
  82  7:56  SCV  
  89  8:01  Starport, Terran Vehicle Weapons Level 2  
  89  8:02  SCV  
  89  8:05  Starport  
  90  8:08  SCV  
  91  8:13  Thor  
  91  8:14  SCV  
  98  8:20  SCV  
  98  8:26  SCV  
  100  8:36  Marine x2  
  100  8:37  Marine, Factory  
  100  8:38  SCV  
  100  8:40  Supply Depot  
  104  8:44  Thor  
  110  8:50  SCV  
  111  9:04  Siege Tank  
  111  9:33  Factory Tech Lab  
  111  9:34  Thor  
  111  9:36  Siege Tank  
  111  9:37  Marine x3  
  123  9:44  Viking  
  125  9:52  Supply Depot  
  125  9:56  Supply Depot  
  125  9:59  Viking, Supply Depot, Marine x2  
  131  10:00  Marauder  
  131  10:04  Armory  
  131  10:13  Thor  
  131  10:14  Siege Tank  
  140  10:18  Supply Depot  
  142  10:21  Marauder  
  142  10:22  Supply Depot  
  142  10:23  Marine x2  
  142  10:25  SCV  
  145  10:33  Refinery  
  145  10:37  Thor, SCV  
  145  10:40  Marine  
  145  10:41  Marine  
  156  10:43  Marauder  
  156  10:49  Viking, Starport Reactor, SCV  
  159  11:01  SCV  
  162  11:04  Marauder  
  162  11:05  Refinery  
  162  11:07  Supply Depot  
  162  11:10  Supply Depot  
  162  11:13  SCV  
  162  11:14  Marine  
  162  11:15  Marine  
  165  11:22  Terran Vehicle Weapons Level 3  
  167  11:25  Marauder, SCV  
  167  11:30  Viking  
  167  11:32  Marine x2  
  171  11:33  Viking  
  171  11:38  SCV  
  177  11:47  Marauder  
  177  11:50  SCV  
  177  11:52  Starport Reactor  
  178  11:58  Siege Tank  
  178  12:00  Viking  
  183  12:02  SCV  
  183  12:05  Supply Depot  
  186  12:08  Marauder  
  186  12:11  Supply Depot  
  186  12:14  SCV  
  187  12:22  Thor  
  187  12:26  Smart Servos, SCV  
  187  12:29  Combat Shield  
  194  12:38  SCV  
  195  12:50  SCV  
  196  12:53  Marauder, Marine x2  
  200  13:07  Command Center  
  190  13:47  Thor  
  190  13:48  Concussive Shells  
  196  13:59  Terran Ship Weapons Level 1  
  187  14:16  Thor x2  
  188  14:18  Marine x3  
  188  14:20  Viking x4  
  191  14:29  Thor x5  
  191  14:30  Thor  
  191  14:31  Stimpack  
  185  14:35  Marine  
  185  14:36  Marine x2  
  174  14:50  Viking x4  
  182  14:53  Marine x2  
  182  14:59  Thor  
  178  15:16  Thor x2  
  178  15:20  Viking x4  
  178  15:21  Marine x2  
  200  15:30  Refinery  
  198  15:50  Viking  
Tags
 
Add a new tag
Caveats
  • Supply blocks, unpowered buildings, or Contaminate may cause inaccurate times.
  • Supply counts are checked every 10 seconds.